Flames vs Oilers

Created - November 18, 2024 at 22:48

Goals
1 2 3 T
Flames 1 1 1 3
Oilers 0 1 5 6
Shots
1 2 3 T
Flames 13 13 9 35
Oilers 11 7 12 30

1st period

1. Flames , Jake DeBrusk 5 (Rasmus Andersson 1, Kevin Labanc 6) at 12:32

Penalties :
Erik Johnson (Cal) for Tripping (Minor) at 18:00

2nd period

2. Oilers , Brent Seabrook 1 (Jamie Benn 6, Connor McDavid 7) at 3:05 (PP)
3. Flames , Erik Johnson 2 (Jimmy Hayes 11, Tanner Pearson 3) at 12:01

Penalties :
Christian Folin (Cal) for Delaying the game (Minor) at 2:09, Brad Marchand (Cal) for Tripping (Minor) at 12:25, Jason Robertson (Edm) for Cross-checking (Minor) at 16:42

3rd period

4. Oilers , Darnell Nurse 1 (Leon Draisaitl 9, Carter Hart) at 3:33
5. Oilers , Tyler Johnson 8 (Leon Draisaitl 10, Marcus Pettersson 6) at 3:47
6. Flames , Kyle Palmieri 1 (Tanner Pearson 4) at 7:45
7. Oilers , Leon Draisaitl 8 (Darnell Nurse 4) at 8:39
8. Oilers , Mitch Marner 5 (Connor McDavid 8, Marcus Pettersson 7) at 11:27 (PP)
9. Oilers , Jamie Benn 3 (Marcus Pettersson 8, Connor McDavid 9) at 12:12 (PP)

Penalties :
Jamie McBain (Edm) for Interference (Minor) at 0:17, Erik Johnson (Cal) for Roughing (Minor) at 5:01, Eric Staal (Cal) for Tripping (Minor) at 10:44, Erik Johnson (Cal) for Roughing (Minor) at 11:56, Jason Robertson (Edm) for Roughing (Minor) at 17:21

Goalie Stats

Christopher Gibson (Cal), 24 saves from 30 shots - (0.800), L, 6-4-0, 60:00 minutes
Carter Hart (Edm), 32 saves from 35 shots - (0.914), W, 6-3-1, 60:00 minutes

Players Stats for Flames

Player Name              G  A  P  +/- PIM S  H  SB GA TA FO     MP     PP MP  PK MP  
------------------------------------------------------------------------------------
Anders Lee               0  0  0   1  0   1  0  0  0  1  3/4     9:59   0:00   1:12 
Brad Marchand            0  0  0  -3  2   2  1  0  0  0  0/1    19:25   0:00   3:25 
Bryan Rust               0  0  0  -3  0   3  4  1  1  0  0/0    18:45   0:00   2:45 
Christian Folin          0  0  0  -1  2   2  0  1  0  0  0/0    20:39   2:46   4:02 
Colby Robak              0  0  0   1  0   2  3  1  0  2  0/0    14:35   0:00   3:22 
David Ullstrom           0  0  0   1  0   0  1  0  0  0  0/0    10:30   0:00   2:00 
Eric Staal               0  0  0  -3  2   4  3  1  0  1  10/34  20:16   3:14   1:12 
Erik Johnson             1  0  1   0  6   3  1  1  2  4  0/0    26:23   3:11   2:30 
Esa Lindell              0  0  0  -1  0   0  1  2  0  2  0/0    17:37   2:46   0:37 
Jake DeBrusk             1  0  1   1  0   2  0  0  1  0  1/1    13:06   3:14   0:42 
Jimmy Hayes              0  1  1   1  0   4  1  1  2  0  1/2    15:53   3:14   0:00 
Kevin Labanc             0  1  1   1  0   2  3  0  1  1  0/0    11:45   2:43   0:00 
Kyle Palmieri            1  0  1   1  0   4  0  0  0  0  0/0     8:28   0:00   0:00 
Patrik Berglund          0  0  0   1  0   0  1  0  0  1  12/20  19:42   2:43   4:28 
Rasmus Andersson         0  1  1   1  0   0  0  2  0  1  0/0    13:46   0:00   2:33 
Sami Vatanen             0  0  0   0  0   1  0  1  1  0  0/0    26:57   3:11   2:40 
Tanner Pearson           0  2  2   1  0   1  0  0  0  0  0/0    15:14   2:43   0:00 
Victor Rask              0  0  0   1  0   4  0  0  0  0  0/3     9:02   0:00   0:00 

Players Stats for Oilers

Player Name              G  A  P  +/- PIM S  H  SB GA TA FO     MP     PP MP  PK MP  
------------------------------------------------------------------------------------
Adam Gaudette            0  0  0   2  0   2  1  0  0  0  2/3    17:29   3:02   0:00 
Andrew Mangiapane        0  0  0  -1  0   0  3  0  1  0  1/2     9:53   0:00   0:00 
Brent Burns              0  0  0  -1  0   0  1  0  0  0  0/0    14:27   2:51   0:57 
Brent Seabrook           1  0  1   0  0   1  1  0  3  1  0/0    26:04   5:01   2:13 
Brett Lernout            0  0  0  -1  0   1  0  0  0  0  0/0     9:37   0:00   0:00 
Christian Fischer        0  0  0  -1  0   0  2  1  1  0  0/0     8:27   0:00   0:00 
Connor McDavid           0  3  3   0  0   2  2  1  0  0  13/24  20:00   4:50   0:38 
Darnell Nurse            1  1  2   1  0   5  1  1  0  2  0/0    20:54   0:00   3:44 
Frederik Gauthier        0  0  0  -1  0   1  0  0  0  0  2/4    10:12   0:00   0:00 
Greg Stewart             0  0  0  -1  0   0  1  0  1  0  0/0    12:53   0:01   2:28 
Jamie Benn               1  1  2  -1  0   2  1  0  0  0  0/0    14:11   4:49   0:57 
Jamie McBain             0  0  0   1  2   0  0  2  0  3  0/0    24:35   2:51   2:34 
Jason Robertson          0  0  0   0  4   3  0  0  0  0  0/2    13:32   0:00   0:00 
Leon Draisaitl           1  2  3   2  0   3  0  0  2  0  2/2    20:53   3:02   3:24 
Marcus Pettersson        0  3  3   0  0   0  0  2  1  2  0/0    22:30   5:01   2:26 
Mitch Marner             1  0  1   0  0   4  2  0  1  0  1/1    18:18   4:50   0:00 
Noel Acciari             0  0  0  -1  0   0  0  0  0  0  1/4     9:12   0:00   1:03 
Tyler Johnson            1  0  1   2  0   6  1  1  3  0  16/23  20:53   3:02   3:24 

3 Stars

1 - Leon Draisaitl (Edm)
2 - Darnell Nurse (Edm)
3 - Connor McDavid (Edm)

Power Play

Flames - 0 on 3 Attempt(s) - 0.00%
Oilers - 3 on 6 Attempt(s) - 50.00%

Penalty Kill

Flames - 3 on 6 Attempt(s) - 50.00% - Score 0 goal in Penalty Kill
Oilers - 3 on 3 Attempt(s) - 100.00% - Score 0 goal in Penalty Kill

Team Stat

Flames - Hits : 19 - Faceoff Wins : 27 - Blocked Shots : 11 - Penalty Minutes : 12
Oilers - Hits : 16 - Faceoff Wins : 38 - Blocked Shots : 8 - Penalty Minutes : 6

Official

Referees : Corey Syvret and Steve Kozari
Linesman : Travis Gawryletz and Scott Cherrey

Game Notes

No Game Note

Finance

Level 1 -- Attendance: 5655 (94.25%) -- Ticket Income $565,500
Level 2 -- Attendance: 5000 (100.00%) -- Ticket Income $350,000
Level 3 -- Attendance: 2000 (100.00%) -- Ticket Income $80,000
Level 4 -- Attendance: 3847 (96.18%) -- Ticket Income $115,410
Luxury Box -- Attendance: 967 (96.70%) -- Ticket Income $193,400
Game was played at the Rodgers Place.
Total Attendance: 17469 (97.05%)
Total Ticket Income: $1,304,310
Other Income: $195,646
Total Income: $1,499,956

Flames

5 vs 5 Forward 
   Center                   Left Wing                Right Wing               Time % Phy DF OF 
 1 Eric Staal               Brad Marchand            Bryan Rust               40     1   2  2  
 2 Patrik Berglund          Tanner Pearson           Jimmy Hayes              30     1   2  2  
 3 Victor Rask              Jake DeBrusk             Kevin Labanc             20     1   2  2  
 4 Anders Lee               David Ullstrom           Kyle Palmieri            10     1   2  2  

5 vs 5 Defense 
   Defense                  Defense                                           Time % Phy DF OF 
 1 Erik Johnson             Sami Vatanen                                      40     1   2  2  
 2 Esa Lindell              Christian Folin                                   30     1   2  2  
 3 Colby Robak              Rasmus Andersson                                  20     1   2  2  
 4 Erik Johnson             Sami Vatanen                                      10     1   2  2  

PowerPlay Forward 
   Center                   Left Wing                Right Wing               Time % Phy DF OF 
 1 Eric Staal               Jake DeBrusk             Jimmy Hayes              60     1   1  3  
 2 Patrik Berglund          Tanner Pearson           Kevin Labanc             40     1   1  3  

PowerPlay Defense
   Defense                  Defense                                           Time % Phy DF OF 
 1 Erik Johnson             Sami Vatanen                                      60     1   1  3  
 2 Esa Lindell              Christian Folin                                   40     1   1  3  

Penalty Kill 4 Players Forward 
   Center                   Wing                     Time % Phy DF OF 
 1 Patrik Berglund          Brad Marchand            60     1   3  1  
 2 Eric Staal               Bryan Rust               40     1   3  1  

Penalty Kill 4 Players Defense
   Defense                  Defense                  Time % Phy DF OF 
 1 Erik Johnson             Christian Folin          60     1   3  1  
 2 Colby Robak              Rasmus Andersson         40     1   3  1  

Penalty Kill - 3 Players Forward 
   Forward                                           Time % Phy DF OF 
 1 Eric Staal                                        60     1   3  1  
 2 Patrik Berglund                                   40     1   3  1  

Penalty Kill - 3 Players Defense
   Defense                  Defense                  Time % Phy DF OF 
 1 Erik Johnson             Christian Folin          60     1   3  1  
 2 Colby Robak              Rasmus Andersson         40     1   3  1  

4 vs 4 Forward 
   Center                   Wing                     Time % Phy DF OF 
 1 Eric Staal               Brad Marchand            60     1   2  2  
 2 Patrik Berglund          Bryan Rust               40     1   2  2  

4 vs 4 Defense
   Defense                  Defense                  Time % Phy DF OF 
 1 Erik Johnson             Sami Vatanen             60     1   2  2  
 2 Esa Lindell              Christian Folin          40     1   2  2  

Last Minutes Offensive
   Center                   Left Wing                Right Wing               Defense                  Defense                  
   Eric Staal               Brad Marchand            Bryan Rust               Erik Johnson             Sami Vatanen             

Last Minutes Defensive
   Center                   Left Wing                Right Wing               Defense                  Defense                  
   Eric Staal               Brad Marchand            Bryan Rust               Erik Johnson             Sami Vatanen             

Goaltenders
Starting : Christopher Gibson       
Backup : Michael Hutchinson       

Extra Forwards
Normal : Bryan Rust, Jake DeBrusk, Patrik Berglund - PP : Tanner Pearson, Brad Marchand - PK : Bryan Rust
Extra Defensemen
Normal : Esa Lindell, Christian Folin, Colby Robak - PP : Esa Lindell - PK : Sami Vatanen, Colby Robak
Penalty Shots
Eric Staal, Jake DeBrusk, Jimmy Hayes, Tanner Pearson, Kevin Labanc
Custom OT Lines Forwards
Eric Staal, Jake DeBrusk, Patrik Berglund, Bryan Rust, Jimmy Hayes, Brad Marchand, Tanner Pearson, Victor Rask, Kevin Labanc, Kyle Palmieri
Custom OT Lines Defensemen
Erik Johnson, Sami Vatanen, Christian Folin, Esa Lindell, Colby Robak

Scratches
Evgeny Svechnikov (Healthy), Matthew Nieto (Healthy)

Oilers

5 vs 5 Forward 
   Center                   Left Wing                Right Wing               Time % Phy DF OF 
 1 Tyler Johnson            Leon Draisaitl           Adam Gaudette            35     1   2  2  
 2 Connor McDavid           Jason Robertson          Mitch Marner             30     1   2  2  
 3 Frederik Gauthier        Greg Stewart             Andrew Mangiapane        25     1   2  2  
 4 Noel Acciari             Jamie Benn               Christian Fischer        10     1   2  2  

5 vs 5 Defense 
   Defense                  Defense                                           Time % Phy DF OF 
 1 Jamie McBain             Brent Seabrook                                    40     1   2  2  
 2 Marcus Pettersson        Darnell Nurse                                     30     1   2  2  
 3 Brent Burns              Brett Lernout                                     20     1   2  2  
 4 Darnell Nurse            Jamie McBain                                      10     1   2  2  

PowerPlay Forward 
   Center                   Left Wing                Right Wing               Time % Phy DF OF 
 1 Connor McDavid           Jamie Benn               Mitch Marner             60     1   2  2  
 2 Tyler Johnson            Leon Draisaitl           Adam Gaudette            40     1   2  2  

PowerPlay Defense
   Defense                  Defense                                           Time % Phy DF OF 
 1 Brent Seabrook           Marcus Pettersson                                 60     1   2  2  
 2 Brent Burns              Jamie McBain                                      40     1   2  2  

Penalty Kill 4 Players Forward 
   Center                   Wing                     Time % Phy DF OF 
 1 Tyler Johnson            Leon Draisaitl           60     1   4  0  
 2 Noel Acciari             Greg Stewart             40     1   4  0  

Penalty Kill 4 Players Defense
   Defense                  Defense                  Time % Phy DF OF 
 1 Darnell Nurse            Jamie McBain             60     0   5  0  
 2 Brent Seabrook           Marcus Pettersson        40     0   5  0  

Penalty Kill - 3 Players Forward 
   Forward                                           Time % Phy DF OF 
 1 Noel Acciari                                      60     0   5  0  
 2 Tyler Johnson                                     40     0   5  0  

Penalty Kill - 3 Players Defense
   Defense                  Defense                  Time % Phy DF OF 
 1 Darnell Nurse            Jamie McBain             60     0   5  0  
 2 Brent Seabrook           Marcus Pettersson        40     0   5  0  

4 vs 4 Forward 
   Center                   Wing                     Time % Phy DF OF 
 1 Connor McDavid           Leon Draisaitl           60     1   2  2  
 2 Tyler Johnson            Greg Stewart             40     1   2  2  

4 vs 4 Defense
   Defense                  Defense                  Time % Phy DF OF 
 1 Darnell Nurse            Jamie McBain             60     1   2  2  
 2 Brent Seabrook           Marcus Pettersson        40     1   2  2  

Last Minutes Offensive
   Center                   Left Wing                Right Wing               Defense                  Defense                  
   Connor McDavid           Leon Draisaitl           Mitch Marner             Darnell Nurse            Jamie McBain             

Last Minutes Defensive
   Center                   Left Wing                Right Wing               Defense                  Defense                  
   Connor McDavid           Leon Draisaitl           Mitch Marner             Darnell Nurse            Jamie McBain             

Goaltenders
Starting : Carter Hart              
Backup : Jaroslav Halak           

Extra Forwards
Normal : Greg Stewart, Frederik Gauthier, Jamie Benn - PP : Greg Stewart, Frederik Gauthier - PK : Greg Stewart
Extra Defensemen
Normal : Marcus Pettersson, Brent Burns, Brett Lernout - PP : Marcus Pettersson - PK : Marcus Pettersson, Brent Burns
Penalty Shots
Connor McDavid, Tyler Johnson, Leon Draisaitl, Mitch Marner, Greg Stewart
Custom OT Lines Forwards
Connor McDavid, Tyler Johnson, Leon Draisaitl, Mitch Marner, Greg Stewart, Frederik Gauthier, Jamie Benn, Adam Gaudette, Noel Acciari, Andrew Mangiapane
Custom OT Lines Defensemen
Darnell Nurse, Jamie McBain, Brent Seabrook, Marcus Pettersson, Brent Burns

Scratches
Anton Slepyshev (Healthy), Philippe Myers (Healthy)

% Time on Ice - Flames

Lines # - Real PCT - Wanted PCT - Time Play
Normal Forward
1 - 35% - 40% - 16:10
2 - 27% - 30% - 12:31
3 - 20% - 20% - 9:02
4 - 18% - 10% - 8:28
Normal Defense
1 - 40% - 40% - 18:29
2 - 30% - 30% - 13:45
3 - 24% - 20% - 11:12
4 - 6% - 10% - 2:45
PP Forward
1 - 54% - 60% - 3:14
2 - 46% - 40% - 2:43
PP Defense
1 - 54% - 60% - 3:11
2 - 46% - 40% - 2:46
PK Forward
1 - 83% - 60% - 6:31
2 - 17% - 40% - 1:21
PK Defense
1 - 68% - 60% - 5:19
2 - 32% - 40% - 2:33
PK3 Forward
1 - 0% - 60%
2 - 0% - 40%
PK3 Defense
1 - 0% - 60%
2 - 0% - 40%
44 Forward
1 - 0% - 60%
2 - 0% - 40%
44 Defense
1 - 0% - 60%
2 - 0% - 40%
Last Minute Offensive  - 0:00
Last Minute Defensive  - 0:00
Total
Forward - 60:00
Defense - 60:00

% Time on Ice - Oilers

Lines # - Real PCT - Wanted PCT - Time Play
Normal Forward
1 - 33% - 35% - 15:04
2 - 29% - 30% - 13:17
3 - 21% - 25% - 9:41
4 - 18% - 10% - 8:09
Normal Defense
1 - 41% - 40% - 18:51
2 - 31% - 30% - 14:12
3 - 21% - 20% - 9:37
4 - 8% - 10% - 3:31
PP Forward
1 - 61% - 60% - 4:50
2 - 39% - 40% - 3:02
PP Defense
1 - 64% - 60% - 5:01
2 - 36% - 40% - 2:51
PK Forward
1 - 82% - 60% - 4:54
2 - 18% - 40% - 1:03
PK Defense
1 - 68% - 60% - 4:04
2 - 32% - 40% - 1:53
PK3 Forward
1 - 0% - 60%
2 - 0% - 40%
PK3 Defense
1 - 0% - 60%
2 - 0% - 40%
44 Forward
1 - 0% - 60%
2 - 0% - 40%
44 Defense
1 - 0% - 60%
2 - 0% - 40%
Last Minute Offensive  - 0:00
Last Minute Defensive  - 0:00
Total
Forward - 60:00
Defense - 60:00

Play-by-Play

1st period


0:01 of 1st period - Eric Staal wins face-off versus Tyler Johnson in neutral zone.
0:30 of 1st period - Wrist shot by Jason Robertson.
0:30 of 1st period - Stopped by Christopher Gibson with a rebound.
0:32 of 1st period - Slapshot by Darnell Nurse.
0:32 of 1st period - Deflect By Connor McDavid.
0:32 of 1st period - Shot Misses the Net.
0:32 of 1st period - Puck is out of play.
0:33 of 1st period - Connor McDavid wins face-off versus Patrik Berglund in Flames zone.
0:48 of 1st period - Icing by Mitch Marner.
0:49 of 1st period - Connor McDavid wins face-off versus Victor Rask in Oilers zone.
1:14 of 1st period - Wrist shot by Connor McDavid.
1:14 of 1st period - Shot Misses the Net.
1:16 of 1st period - Slapshot by Darnell Nurse.
1:16 of 1st period - Shot Misses the Net.
1:18 of 1st period - Slapshot by Darnell Nurse.
1:18 of 1st period - Shot Blocked by Rasmus Andersson.
1:20 of 1st period - Slapshot by Jason Robertson.
1:20 of 1st period - Shot Misses the Net.
1:22 of 1st period - Wrist shot by Darnell Nurse.
1:22 of 1st period - Stopped by Christopher Gibson with a rebound.
1:24 of 1st period - Backhand shot by Jason Robertson.
1:24 of 1st period - Stopped by Christopher Gibson with a rebound.
1:28 of 1st period - Slapshot by Connor McDavid.
1:28 of 1st period - Deflect By Mitch Marner.
1:28 of 1st period - Stopped by Christopher Gibson with a rebound.
1:48 of 1st period - Wrist shot by Kyle Palmieri.
1:48 of 1st period - Shot Misses the Net.
2:18 of 1st period - Off-side.
2:19 of 1st period - Frederik Gauthier wins face-off versus Eric Staal in neutral zone.
3:15 of 1st period - Snap shot by Jamie Benn.
3:15 of 1st period - Shot Misses the Net.
4:55 of 1st period - Slapshot by Eric Staal.
4:55 of 1st period - Stopped by Carter Hart without a rebound.
4:56 of 1st period - Frederik Gauthier wins face-off versus Eric Staal in Oilers zone.
5:15 of 1st period - Wrist shot by Eric Staal.
5:15 of 1st period - Shot Blocked by Marcus Pettersson.
5:17 of 1st period - Wrist shot by Colby Robak.
5:17 of 1st period - Stopped by Carter Hart without a rebound.
5:18 of 1st period - Tyler Johnson wins face-off versus Patrik Berglund in Oilers zone.
6:16 of 1st period - Snap shot by Leon Draisaitl.
6:16 of 1st period - Stopped by Christopher Gibson with a rebound.
7:12 of 1st period - Wrist shot by Tyler Johnson.
7:12 of 1st period - Stopped by Christopher Gibson with a rebound.
7:14 of 1st period - Backhand shot by Darnell Nurse.
7:14 of 1st period - Shot Blocked by Colby Robak.
7:16 of 1st period - Slapshot by Adam Gaudette.
7:16 of 1st period - Stopped by Christopher Gibson with a rebound.
7:18 of 1st period - Snap shot by Jamie McBain.
7:18 of 1st period - Shot Misses the Net.
7:20 of 1st period - Slapshot by Jamie McBain.
7:20 of 1st period - Shot Hit the Post.
7:26 of 1st period - Wrist shot by Tyler Johnson.
7:26 of 1st period - Deflect By Jimmy Hayes.
7:26 of 1st period - Stopped by Christopher Gibson with a rebound.
7:28 of 1st period - Slapshot by Tyler Johnson.
7:28 of 1st period - Shot Misses the Net.
7:36 of 1st period - Slapshot by Tyler Johnson.
7:36 of 1st period - Stopped by Christopher Gibson without a rebound.
7:37 of 1st period - Eric Staal wins face-off versus Frederik Gauthier in Flames zone.
7:37 of 1st period - Eric Staal is hit by Andrew Mangiapane.
9:30 of 1st period - Frederik Gauthier is hit by Brad Marchand and loses puck.
10:29 of 1st period - Anders Lee is hit by Christian Fischer.
11:03 of 1st period - Greg Stewart is hit by Colby Robak.
11:18 of 1st period - Icing by Frederik Gauthier.
11:19 of 1st period - Anders Lee wins face-off versus Andrew Mangiapane in Oilers zone.
11:22 of 1st period - Snap shot by Eric Staal.
11:22 of 1st period - Shot Misses the Net.
11:56 of 1st period - Snap shot by Jamie Benn.
11:56 of 1st period - Shot Misses the Net.
11:58 of 1st period - Slapshot by Frederik Gauthier.
11:58 of 1st period - Stopped by Christopher Gibson without a rebound.
11:59 of 1st period - Jake DeBrusk wins face-off versus Noel Acciari in Flames zone.
12:20 of 1st period - Wrist shot by Kevin Labanc.
12:20 of 1st period - Shot Misses the Net.
12:22 of 1st period - Snap shot by Colby Robak.
12:22 of 1st period - Stopped by Carter Hart with a rebound.
12:24 of 1st period - Snap shot by Kevin Labanc.
12:24 of 1st period - Shot Misses the Net.
12:30 of 1st period - Wrist shot by Jake DeBrusk.
12:30 of 1st period - Shot Misses the Net.
12:32 of 1st period - Slapshot by Rasmus Andersson.
12:32 of 1st period - Deflect By Jake DeBrusk.
12:32 of 1st period - Goal by Jake DeBrusk - Flames : 1 - Oilers : 0.
12:33 of 1st period - Eric Staal wins face-off versus Tyler Johnson in neutral zone.
14:12 of 1st period - Slapshot by Leon Draisaitl.
14:12 of 1st period - Shot Misses the Net.
14:24 of 1st period - Snap shot by Jimmy Hayes.
14:24 of 1st period - Deflect By Tanner Pearson.
14:24 of 1st period - Shot Blocked by Connor McDavid.
14:24 of 1st period - Puck is out of play.
14:25 of 1st period - Patrik Berglund wins face-off versus Connor McDavid in Oilers zone.
14:28 of 1st period - Snap shot by Jimmy Hayes.
14:28 of 1st period - Stopped by Carter Hart without a rebound.
14:29 of 1st period - Eric Staal wins face-off versus Connor McDavid in Oilers zone.
14:30 of 1st period - Snap shot by Brad Marchand.
14:30 of 1st period - Stopped by Carter Hart without a rebound.
14:31 of 1st period - Connor McDavid wins face-off versus Brad Marchand in Oilers zone.
14:36 of 1st period - Snap shot by Eric Staal.
14:36 of 1st period - Deflect By Brad Marchand.
14:36 of 1st period - Stopped by Carter Hart without a rebound.
14:37 of 1st period - Connor McDavid wins face-off versus Eric Staal in Oilers zone.
14:56 of 1st period - Snap shot by Eric Staal.
14:56 of 1st period - Stopped by Carter Hart without a rebound.
14:57 of 1st period - Tyler Johnson wins face-off versus Jimmy Hayes in Oilers zone.
14:57 of 1st period - Tyler Johnson is hit by Jimmy Hayes.
15:09 of 1st period - Wrist shot by Leon Draisaitl.
15:09 of 1st period - Shot Misses the Net.
15:11 of 1st period - Wrist shot by Marcus Pettersson.
15:11 of 1st period - Deflect By Tyler Johnson.
15:11 of 1st period - Shot Misses the Net.
15:11 of 1st period - Puck is out of play.
15:12 of 1st period - Eric Staal wins face-off versus Jason Robertson in Flames zone.
15:25 of 1st period - Snap shot by Bryan Rust.
15:25 of 1st period - Stopped by Carter Hart without a rebound.
15:26 of 1st period - Tyler Johnson wins face-off versus Eric Staal in Oilers zone.
15:37 of 1st period - Slapshot by Darnell Nurse.
15:37 of 1st period - Stopped by Christopher Gibson with a rebound.
16:36 of 1st period - Snap shot by Eric Staal.
16:36 of 1st period - Stopped by Carter Hart without a rebound.
16:37 of 1st period - Tyler Johnson wins face-off versus Patrik Berglund in Oilers zone.
16:42 of 1st period - Tanner Pearson is hit by Tyler Johnson and loses puck.
16:51 of 1st period - Wrist shot by Leon Draisaitl.
16:51 of 1st period - Shot Misses the Net.
16:53 of 1st period - Snap shot by Adam Gaudette.
16:53 of 1st period - Shot Blocked by Jimmy Hayes.
17:03 of 1st period - Christian Folin is hit by Greg Stewart and loses puck.
17:29 of 1st period - Slapshot by Kyle Palmieri.
17:29 of 1st period - Stopped by Carter Hart without a rebound.
17:30 of 1st period - Anders Lee wins face-off versus Tyler Johnson in Oilers zone.
17:39 of 1st period - Wrist shot by Kyle Palmieri.
17:39 of 1st period - Stopped by Carter Hart without a rebound.
17:40 of 1st period - Leon Draisaitl wins face-off versus Patrik Berglund in Oilers zone.
17:49 of 1st period - Wrist shot by Jimmy Hayes.
17:49 of 1st period - Stopped by Carter Hart with a rebound.
18:00 of 1st period - Minor Penalty to Erik Johnson for Tripping.
18:01 of 1st period - Patrik Berglund wins face-off versus Connor McDavid in Flames zone.
18:09 of 1st period - Patrik Berglund is hit by Mitch Marner and loses puck.
0:00 of 2nd period - Penalty to Erik Johnson is over, Erik Johnson is back on ice.
Goals for this period are 1 for Flames vs 0 for Oilers.
Shots for this period are 13 for Flames vs 11 for Oilers.

2nd period


0:01 of 2nd period - Mitch Marner wins face-off versus Eric Staal in neutral zone.
2:09 of 2nd period - Minor Penalty to Christian Folin for Delaying the game.
2:10 of 2nd period - Patrik Berglund wins face-off versus Connor McDavid in Flames zone.
2:36 of 2nd period - Patrik Berglund is hit by Brent Seabrook and loses puck.
2:49 of 2nd period - Snap shot by Tyler Johnson.
2:49 of 2nd period - Stopped by Christopher Gibson without a rebound.
2:50 of 2nd period - Connor McDavid wins face-off versus Eric Staal in Flames zone.
3:03 of 2nd period - Wrist shot by Jamie Benn.
3:03 of 2nd period - Shot Blocked by Bryan Rust.
3:05 of 2nd period - Slapshot by Brent Seabrook.
3:05 of 2nd period - Goal by Brent Seabrook - Flames : 1 - Oilers : 1.
3:06 of 2nd period - Eric Staal wins face-off versus Adam Gaudette in neutral zone.
3:15 of 2nd period - Snap shot by Eric Staal.
3:15 of 2nd period - Shot Blocked by Tyler Johnson.
3:21 of 2nd period - Snap shot by Eric Staal.
3:21 of 2nd period - Shot Blocked by Darnell Nurse.
3:33 of 2nd period - Tanner Pearson is hit by Mitch Marner and loses puck.
3:46 of 2nd period - Wrist shot by Mitch Marner.
3:46 of 2nd period - Stopped by Christopher Gibson with a rebound.
4:06 of 2nd period - Wrist shot by Christian Fischer.
4:06 of 2nd period - Shot Misses the Net.
4:20 of 2nd period - Wrist shot by Tanner Pearson.
4:20 of 2nd period - Shot Misses the Net.
4:22 of 2nd period - Snap shot by Jimmy Hayes.
4:22 of 2nd period - Deflect By Jamie Benn.
4:22 of 2nd period - Shot Misses the Net.
4:22 of 2nd period - Puck is out of play.
4:23 of 2nd period - Tyler Johnson wins face-off versus Eric Staal in Oilers zone.
4:23 of 2nd period - Tyler Johnson is hit by Bryan Rust.
4:29 of 2nd period - Slapshot by Adam Gaudette.
4:29 of 2nd period - Stopped by Christopher Gibson without a rebound.
4:30 of 2nd period - Tyler Johnson wins face-off versus Eric Staal in Flames zone.
4:43 of 2nd period - Slapshot by Christian Folin.
4:43 of 2nd period - Shot Blocked by Marcus Pettersson.
4:57 of 2nd period - Leon Draisaitl is hit by Eric Staal and loses puck.
5:44 of 2nd period - Snap shot by Eric Staal.
5:44 of 2nd period - Stopped by Carter Hart without a rebound.
5:45 of 2nd period - Patrik Berglund wins face-off versus Connor McDavid in Oilers zone.
5:46 of 2nd period - Snap shot by Tanner Pearson.
5:46 of 2nd period - Stopped by Carter Hart without a rebound.
5:47 of 2nd period - Jimmy Hayes wins face-off versus Connor McDavid in Oilers zone.
6:20 of 2nd period - Slapshot by Kevin Labanc.
6:20 of 2nd period - Stopped by Carter Hart with a rebound.
6:22 of 2nd period - Snap shot by Jake DeBrusk.
6:22 of 2nd period - Shot Blocked by Jamie McBain.
6:24 of 2nd period - Wrist shot by Victor Rask.
6:24 of 2nd period - Stopped by Carter Hart with a rebound.
6:26 of 2nd period - Wrist shot by Victor Rask.
6:26 of 2nd period - Stopped by Carter Hart with a rebound.
6:28 of 2nd period - Snap shot by Victor Rask.
6:28 of 2nd period - Stopped by Carter Hart with a rebound.
6:52 of 2nd period - Snap shot by Jamie Benn.
6:52 of 2nd period - Shot Hit the Post.
7:21 of 2nd period - Icing by Brent Burns.
7:22 of 2nd period - Patrik Berglund wins face-off versus Tyler Johnson in Oilers zone.
7:54 of 2nd period - Wrist shot by Greg Stewart.
7:54 of 2nd period - Shot Blocked by Christian Folin.
8:02 of 2nd period - Connor McDavid is hit by Bryan Rust and loses puck.
9:22 of 2nd period - Frederik Gauthier is hit by Eric Staal and loses puck.
9:41 of 2nd period - Jamie Benn is hit by Kevin Labanc and loses puck.
10:16 of 2nd period - Leon Draisaitl is hit by Patrik Berglund and loses puck.
10:38 of 2nd period - David Ullstrom is hit by Connor McDavid and loses puck.
10:55 of 2nd period - Marcus Pettersson is hit by Colby Robak and loses puck.
11:17 of 2nd period - Snap shot by Jake DeBrusk.
11:17 of 2nd period - Shot Misses the Net.
11:36 of 2nd period - Off-side.
11:37 of 2nd period - Patrik Berglund wins face-off versus Noel Acciari in neutral zone.
11:40 of 2nd period - Snap shot by Jimmy Hayes.
11:40 of 2nd period - Stopped by Carter Hart without a rebound.
11:41 of 2nd period - Patrik Berglund wins face-off versus Noel Acciari in Oilers zone.
11:55 of 2nd period - Snap shot by Tanner Pearson.
11:55 of 2nd period - Shot Misses the Net.
11:57 of 2nd period - Snap shot by Tanner Pearson.
11:57 of 2nd period - Shot Blocked by Christian Fischer.
11:59 of 2nd period - Slapshot by Jimmy Hayes.
11:59 of 2nd period - Stopped by Carter Hart with a rebound.
12:01 of 2nd period - Slapshot by Erik Johnson.
12:01 of 2nd period - Goal by Erik Johnson - Flames : 2 - Oilers : 1.
12:02 of 2nd period - Eric Staal wins face-off versus Jason Robertson in neutral zone.
12:15 of 2nd period - Snap shot by Mitch Marner.
12:15 of 2nd period - Shot Misses the Net.
12:17 of 2nd period - Snap shot by Mitch Marner.
12:17 of 2nd period - Stopped by Christopher Gibson with a rebound.
12:25 of 2nd period - Minor Penalty to Brad Marchand for Tripping.
12:26 of 2nd period - Patrik Berglund wins face-off versus Connor McDavid in Flames zone.
12:53 of 2nd period - Adam Gaudette is hit by Erik Johnson and loses puck.
13:49 of 2nd period - Erik Johnson is hit by Adam Gaudette and loses puck.
14:25 of 2nd period - Penalty to Brad Marchand is over, Brad Marchand is back on ice.
14:42 of 2nd period - Frederik Gauthier is hit by Kevin Labanc.
15:18 of 2nd period - Mitch Marner is hit by David Ullstrom and loses puck.
15:29 of 2nd period - Andrew Mangiapane is hit by Kevin Labanc and loses puck.
15:57 of 2nd period - Icing by Brett Lernout.
15:58 of 2nd period - Noel Acciari wins face-off versus Anders Lee in Oilers zone.
16:07 of 2nd period - Wrist shot by Jamie Benn.
16:07 of 2nd period - Stopped by Christopher Gibson without a rebound.
16:08 of 2nd period - Leon Draisaitl wins face-off versus Victor Rask in Flames zone.
16:09 of 2nd period - Wrist shot by Tyler Johnson.
16:09 of 2nd period - Shot Blocked by Rasmus Andersson.
16:39 of 2nd period - Slapshot by Victor Rask.
16:39 of 2nd period - Stopped by Carter Hart without a rebound.
16:40 of 2nd period - Connor McDavid wins face-off versus Eric Staal in Oilers zone.
16:42 of 2nd period - Minor Penalty to Jason Robertson for Cross-checking.
16:43 of 2nd period - Tyler Johnson wins face-off versus Eric Staal in Oilers zone.
17:49 of 2nd period - Icing by Erik Johnson.
17:50 of 2nd period - Eric Staal wins face-off versus Tyler Johnson in Flames zone.
18:42 of 2nd period - Penalty to Jason Robertson is over, Jason Robertson is back on ice.
18:55 of 2nd period - Snap shot by Anders Lee.
18:55 of 2nd period - Stopped by Carter Hart with a rebound.
18:57 of 2nd period - Slapshot by Christian Folin.
18:57 of 2nd period - Deflect By Greg Stewart.
18:57 of 2nd period - Stopped by Carter Hart without a rebound.
18:58 of 2nd period - Connor McDavid wins face-off versus Eric Staal in Oilers zone.
19:35 of 2nd period - Slapshot by Erik Johnson.
19:35 of 2nd period - Stopped by Carter Hart without a rebound.
19:36 of 2nd period - Connor McDavid wins face-off versus Patrik Berglund in Oilers zone.
19:49 of 2nd period - Snap shot by Mitch Marner.
19:49 of 2nd period - Shot Blocked by Esa Lindell.
19:51 of 2nd period - Snap shot by Jason Robertson.
19:51 of 2nd period - Stopped by Christopher Gibson without a rebound.
19:52 of 2nd period - Tyler Johnson wins face-off versus Victor Rask in Flames zone.
Goals for this period are 1 for Flames vs 1 for Oilers.
Shots for this period are 13 for Flames vs 7 for Oilers.

3rd period


0:01 of 3rd period - Connor McDavid wins face-off versus Eric Staal in neutral zone.
0:17 of 3rd period - Minor Penalty to Jamie McBain for Interference.
0:18 of 3rd period - Tyler Johnson wins face-off versus Eric Staal in Oilers zone.
2:17 of 3rd period - Penalty to Jamie McBain is over, Jamie McBain is back on ice.
2:41 of 3rd period - Backhand shot by David Ullstrom.
2:41 of 3rd period - Shot Misses the Net.
2:51 of 3rd period - Mitch Marner is hit by Esa Lindell.
3:33 of 3rd period - Backhand shot by Darnell Nurse.
3:33 of 3rd period - Goal by Darnell Nurse - Flames : 2 - Oilers : 2.
3:34 of 3rd period - Adam Gaudette wins face-off versus Eric Staal in neutral zone.
3:47 of 3rd period - Snap shot by Tyler Johnson.
3:47 of 3rd period - Goal by Tyler Johnson - Flames : 2 - Oilers : 3.
3:48 of 3rd period - Tyler Johnson wins face-off versus Eric Staal in neutral zone.
5:01 of 3rd period - Minor Penalty to Erik Johnson for Roughing.
5:02 of 3rd period - Patrik Berglund wins face-off versus Connor McDavid in Flames zone.
5:29 of 3rd period - Leon Draisaitl is hit by Bryan Rust and loses puck.
5:40 of 3rd period - Snap shot by Eric Staal.
5:40 of 3rd period - Shot Misses the Net.
5:42 of 3rd period - Slapshot by Bryan Rust.
5:42 of 3rd period - Shot Blocked by Jamie McBain.
7:01 of 3rd period - Penalty to Erik Johnson is over, Erik Johnson is back on ice.
7:15 of 3rd period - Victor Rask is hit by Andrew Mangiapane and loses puck.
7:45 of 3rd period - Snap shot by Kyle Palmieri.
7:45 of 3rd period - Goal by Kyle Palmieri - Flames : 3 - Oilers : 3.
7:46 of 3rd period - Tyler Johnson wins face-off versus Eric Staal in neutral zone.
8:03 of 3rd period - Wrist shot by Bryan Rust.
8:03 of 3rd period - Stopped by Carter Hart without a rebound.
8:04 of 3rd period - Patrik Berglund wins face-off versus Connor McDavid in Oilers zone.
8:13 of 3rd period - Esa Lindell is hit by Darnell Nurse and loses puck.
8:18 of 3rd period - Wrist shot by Connor McDavid.
8:18 of 3rd period - Stopped by Christopher Gibson with a rebound.
8:20 of 3rd period - Snap shot by Darnell Nurse.
8:20 of 3rd period - Stopped by Christopher Gibson with a rebound.
8:30 of 3rd period - Leon Draisaitl is hit by Bryan Rust and loses puck.
8:37 of 3rd period - Slapshot by Darnell Nurse.
8:37 of 3rd period - Stopped by Christopher Gibson with a rebound.
8:39 of 3rd period - Wrist shot by Leon Draisaitl.
8:39 of 3rd period - Goal by Leon Draisaitl - Flames : 3 - Oilers : 4.
8:40 of 3rd period - Eric Staal wins face-off versus Tyler Johnson in neutral zone.
8:43 of 3rd period - Snap shot by Erik Johnson.
8:43 of 3rd period - Stopped by Carter Hart with a rebound.
8:45 of 3rd period - Slapshot by Sami Vatanen.
8:45 of 3rd period - Stopped by Carter Hart without a rebound.
8:46 of 3rd period - Tyler Johnson wins face-off versus Eric Staal in Oilers zone.
8:59 of 3rd period - Snap shot by Eric Staal.
8:59 of 3rd period - Deflect By Brent Seabrook.
8:59 of 3rd period - Shot Misses the Net.
8:59 of 3rd period - Puck is out of play.
9:00 of 3rd period - Eric Staal wins face-off versus Connor McDavid in Oilers zone.
9:32 of 3rd period - Slapshot by Darnell Nurse.
9:32 of 3rd period - Shot Misses the Net.
9:52 of 3rd period - Patrik Berglund is hit by Jamie Benn and loses puck.
10:25 of 3rd period - Snap shot by Mitch Marner.
10:25 of 3rd period - Deflect By Tanner Pearson.
10:25 of 3rd period - Shot Blocked by Esa Lindell.
10:25 of 3rd period - Puck is out of play.
10:26 of 3rd period - Andrew Mangiapane wins face-off versus Eric Staal in Flames zone.
10:44 of 3rd period - Minor Penalty to Eric Staal for Tripping.
10:45 of 3rd period - Connor McDavid wins face-off versus Patrik Berglund in Flames zone.
10:51 of 3rd period - Slapshot by Connor McDavid.
10:51 of 3rd period - Stopped by Christopher Gibson without a rebound.
10:52 of 3rd period - Connor McDavid wins face-off versus Patrik Berglund in Flames zone.
11:27 of 3rd period - Slapshot by Mitch Marner.
11:27 of 3rd period - Goal by Mitch Marner - Flames : 3 - Oilers : 5.
11:28 of 3rd period - Tyler Johnson wins face-off versus Eric Staal in neutral zone.
11:32 of 3rd period - Off-side.
11:33 of 3rd period - Tyler Johnson wins face-off versus Eric Staal in neutral zone.
11:38 of 3rd period - Snap shot by Adam Gaudette.
11:38 of 3rd period - Shot Blocked by Eric Staal.
11:40 of 3rd period - Wrist shot by Tyler Johnson.
11:40 of 3rd period - Stopped by Christopher Gibson with a rebound.
11:50 of 3rd period - Wrist shot by Leon Draisaitl.
11:50 of 3rd period - Stopped by Christopher Gibson with a rebound.
11:56 of 3rd period - Minor Penalty to Erik Johnson for Roughing.
11:57 of 3rd period - Connor McDavid wins face-off versus Patrik Berglund in Flames zone.
12:08 of 3rd period - Backhand shot by Connor McDavid.
12:08 of 3rd period - Shot Misses the Net.
12:10 of 3rd period - Slapshot by Marcus Pettersson.
12:10 of 3rd period - Shot Misses the Net.
12:12 of 3rd period - Snap shot by Jamie Benn.
12:12 of 3rd period - Goal by Jamie Benn - Flames : 3 - Oilers : 6.
12:13 of 3rd period - Connor McDavid wins face-off versus Eric Staal in neutral zone.
12:53 of 3rd period - Kevin Labanc is hit by Connor McDavid and loses puck.
14:01 of 3rd period - Icing by Esa Lindell.
14:02 of 3rd period - Adam Gaudette wins face-off versus Eric Staal in Flames zone.
14:25 of 3rd period - Snap shot by Eric Staal.
14:25 of 3rd period - Shot Hit the Post.
14:27 of 3rd period - Snap shot by Bryan Rust.
14:27 of 3rd period - Stopped by Carter Hart without a rebound.
14:28 of 3rd period - Patrik Berglund wins face-off versus Frederik Gauthier in Oilers zone.
14:31 of 3rd period - Snap shot by Patrik Berglund.
14:31 of 3rd period - Shot Misses the Net.
14:47 of 3rd period - Jimmy Hayes is hit by Andrew Mangiapane.
15:16 of 3rd period - Jake DeBrusk is hit by Christian Fischer and loses puck.
15:40 of 3rd period - Wrist shot by Jamie Benn.
15:40 of 3rd period - Shot Blocked by Erik Johnson.
15:42 of 3rd period - Slapshot by Brent Burns.
15:42 of 3rd period - Shot Blocked by Sami Vatanen.
15:44 of 3rd period - Snap shot by Brett Lernout.
15:44 of 3rd period - Stopped by Christopher Gibson with a rebound.
15:46 of 3rd period - Slapshot by Noel Acciari.
15:46 of 3rd period - Deflect By Christian Fischer.
15:46 of 3rd period - Shot Misses the Net.
15:46 of 3rd period - Puck is out of play.
15:47 of 3rd period - Tyler Johnson wins face-off versus Eric Staal in Flames zone.
15:48 of 3rd period - Snap shot by Leon Draisaitl.
15:48 of 3rd period - Shot Misses the Net.
16:27 of 3rd period - Slapshot by Christian Folin.
16:27 of 3rd period - Stopped by Carter Hart without a rebound.
16:28 of 3rd period - Anders Lee wins face-off versus Connor McDavid in Oilers zone.
16:51 of 3rd period - Jason Robertson is hit by Colby Robak and loses puck.
17:21 of 3rd period - Minor Penalty to Jason Robertson for Roughing.
17:22 of 3rd period - Tyler Johnson wins face-off versus Eric Staal in Oilers zone.
17:34 of 3rd period - Leon Draisaitl is hit by Eric Staal.
17:51 of 3rd period - Wrist shot by Tanner Pearson.
17:51 of 3rd period - Deflect By Kevin Labanc.
17:51 of 3rd period - Stopped by Carter Hart without a rebound.
17:52 of 3rd period - Patrik Berglund wins face-off versus Tyler Johnson in Oilers zone.
18:19 of 3rd period - Wrist shot by Jake DeBrusk.
18:19 of 3rd period - Stopped by Carter Hart with a rebound.
19:21 of 3rd period - Penalty to Jason Robertson is over, Jason Robertson is back on ice.
19:29 of 3rd period - Wrist shot by Kyle Palmieri.
19:29 of 3rd period - Stopped by Carter Hart with a rebound.
19:37 of 3rd period - Anders Lee is hit by Brent Burns.
Goals for this period are 1 for Flames vs 5 for Oilers.
Shots for this period are 9 for Flames vs 12 for Oilers. Output by the SimonT Hockey Simulator (STHS) for Francois Prevost - Original Page W3C HTML5 Valid
Hockey Simulator - Hockey Simulation - Hockey Manager